 Dungeon Crawl Stone Soup version 0.29.1-13-g9f3cf754e1 (webtiles) character file.

Game seed: 4196194919495863115

49 DildoBatman the Conjurer (level 4, -1/32 HPs)
             Began as a Formicid Conjurer on Jan 23, 2023.
             Slain by an adder (2 damage)
             ... on level 2 of the Dungeon.
             The game lasted 00:02:37 (1166 turns).

DildoBatman the Conjurer (Formicid Conjurer)        Turns: 1166, Time: 00:02:37

Health: -1/32      AC:  2    Str: 12    XL:     4   Next: 2%
Magic:  8/8        EV: 12    Int: 19    God:
Gold:   50         SH:  5    Dex: 12    Spells: 5/8 levels left

rFire   . . .      SeeInvis +   a - +2 dagger (vamp)
rCold   . . .      Faith    .   (no shield)
rNeg    . . .      Spirit   .   h - +0 robe
rPois   .          Reflect  +   (helmet unavailable)
rElec   .          Harm     .   (no cloak)
rCorr   .          Rampage  .   (no gloves)
Will    .....                   (no boots)
Stlth   ++........              g - amulet of reflection
HPRegen 0.10/turn               (no ring)
MPRegen 0.11/turn               (no ring)

@: lethally poisoned (-1 -> -2)
A: permanent stasis, dig shafts and tunnels, antennae 3, four strong arms
a: Dig, Shaft Self


You were on level 2 of the Dungeon.
You visited 1 branch of the dungeon, and saw 2 of its levels.

You collected 50 gold pieces.

Inventory:

Hand Weapons
 a - a +2 vampiric dagger (weapon)
 j - a +1 whip of holy wrath
Missiles
 d - 7 poisoned darts
Armour
 h - a +0 robe (worn)
Magical Staves
 f - a staff of death
Jewellery
 g - an amulet of reflection (around neck)
Scrolls
 c - a scroll of torment {unknown}
 i - a scroll of fog {unknown}
 k - a scroll of amnesia {unknown}
 m - a scroll of teleportation {unknown}
Potions
 b - a potion of magic
 e - 2 potions of might {unknown}
 l - a potion of degeneration {unknown}


   Skills:
 * Level 1.4 Fighting
 * Level 1.4 Armour
 - Level 2.0 Dodging
 - Level 2.4 Stealth
 * Level 2.7 Spellcasting
 * Level 3.9 Conjurations


You had 5 spell levels left.
You knew the following spells:

 Your Spells              Type           Power      Damage    Failure   Level
a - Searing Ray           Conj           34%        2d5       4%          2
c - Magic Dart            Conj           68%        1d6       3%          1

Your spell library contained the following spells:

 Spells                   Type           Power      Damage    Failure   Level
 Dazzling Flash           Conj/Hex       20%        N/A       22%         3
 Fulminant Prism          Conj/Hex       5%         3d7       56%         4
 Iskenderun's Mystic Bla  Conj/Tloc      10%        2d4       56%         4
 Passage of Golubria      Tloc           2%         N/A       83%         4
 Silence                  Hex/Air        1%         N/A       99%         5
 Lehudib's Crystal Spear  Conj/Erth      5%         10d3      100%        8


Dungeon Overview and Level Annotations

Branches:
Dungeon (2/15)

Altars:


Innate Abilities, Weirdness & Mutations

You cannot be hasted, slowed, berserked, paralysed or teleported.
You can dig through walls and to a lower floor.
You have a pair of large antennae on your head. (SInv)
Your four strong arms can wield two-handed weapons with a shield.


Message History

t - Shout!
Orders for allies: a - Attack new target. r - Retreat! s - Stop attacking. g - Guard the area. f - Follow me.
Anything else - Cancel.
You shout for attention!
You feel sick. The adder misses you. What are your orders? t - Shout!
Orders for allies: a - Attack new target. r - Retreat! s - Stop attacking. g - Guard the area. f - Follow me.
Anything else - Cancel.
You shout for attention!
You feel sick.
You hear an angry hiss. x2
You block the adder's attack. The adder bites you.
What are your orders? t - Shout!
Orders for allies: a - Attack new target. r - Retreat! s - Stop attacking. g - Guard the area. f - Follow me.
Anything else - Cancel.
You shout for attention!
You feel sick.
You hear an angry hiss.
A ball python comes into view.
You block the adder's attack. What are your orders? t - Shout!
Orders for allies: a - Attack new target. r - Retreat! s - Stop attacking. g - Guard the area. f - Follow me.
Anything else - Cancel.
You shout for attention!
You feel sick. The adder bites you.
You die...

# ###########
###....#....## {
#...[#...##..## ## {
#.##.....##...## .##
#.##..##.......##..##
......##..#.....S...#
################@####
[# # #..##..# ##
#.....# <# #.##### .#
#.# .# #.# .# #S#
........ ).# #>......
..#


You could see an adder and a ball python.

Vanquished Creatures
  A gnoll (D:1)
  A worm (D:2)
  A dart slug (D:2)
  3 ball pythons (D:1)
  2 bats (D:1)
  2 endoplasms (D:1)
  3 goblins
  4 hobgoblins
  2 jackals (D:1)
  5 kobolds
  3 quokkas (D:1)
  3 rats
30 creatures vanquished.

Notes
Turn   | Place    | Note
-------+----------+-------------------------------------------
     0 | D:1      | DildoBatman the Formicid Conjurer began the quest for the
                  | Orb.
     0 | D:1      | Reached XP level 1. HP: 13/13 MP: 3/3
   186 | D:1      | Reached XP level 2. HP: 20/20 MP: 0/5
   189 | D:1      | Learned a level 2 spell: Searing Ray
   533 | D:1      | Reached skill level 1 in Armour
   541 | D:1      | Reached skill level 1 in Fighting
   541 | D:1      | Reached XP level 3. HP: 24/26 MP: 6/6
  1105 | D:2      | Reached XP level 4. HP: 32/32 MP: 2/8
  1165 | D:2      | HP: 1/32 [poisoned by an adder]
  1166 | D:2      | Slain by an adder

Illustrated notes

Levels and vault maps discovered:
D:1:      wander_arrival_estate, layout_basic
D:2:      minmay_thinvault, layout_basic, uniq_crazy_yiuf_cottage

Skill      XL: |  1  2 |
---------------+-------+-----
Dodging        | 2 |  2.0
Armour         | 1 |  1.4
Fighting       | 1 |  1.4
Stealth        | |  2.4
Spellcasting   | |  2.7
Conjurations   | |  3.9

Action                   |  1- 3 |  4- 6 || total
-------------------------+-------+-------++-------
Melee: Dagger            |    36 |       ||    36
       Mace              |     3 |       ||     3
 Cast: Magic Dart        |    31 |       ||    31
       Searing Ray       |     2 |       ||     2
 Stab: Sleeping          |     4 |       ||     4
Armor: Robe              |     3 |     2 ||     5
Dodge: Dodged            |    28 |    18 ||    46
Block: Other             |     2 |    14 ||    16
